 Dungeon Crawl Stone Soup version 0.28-a0-991-g956f0ee3d5 (webtiles) character file.

Game seed: 12065697119511122144

123 browni3141 the Changer (level 5, -2/33 HPs)
             Began as an Octopode Transmuter on Dec 4, 2021.
             Slain by an orc (5 damage)
             ... on level 3 of the Dungeon.
             The game lasted 00:02:11 (2702 turns).

browni3141 the Changer (Octopode Transmuter)        Turns: 2702, Time: 00:02:12

Health: -2/33      AC:  1    Str: 10    XL:     5   Next: 7%
Magic:  6/8        EV: 13    Int: 17    God:
Gold:   130        SH:  0    Dex: 12    Spells: 2/8 levels left

rFire   . . .      SeeInvis .     - Unarmed
rCold   . . .      Faith    .   (no shield)
rNeg    . . .      Spirit   .   (helmet currently unavailable)
rPois   .          Reflect  .   (no amulet)
rElec   .          Harm     .   (no ring)
rCorr   .          Rampage  .   (no ring)
Will    .....                   (no ring)
Stlth   +++.......              (no ring)
HPRegen 0.11/turn               (no ring)
MPRegen 0.11/turn               (no ring)
                                (no ring)
                                (no ring)

@: appendages (expiring), wereblooded
A: tentacle spike 3, almost no armour, amphibious, 8 rings, camouflage 1,
gelatinous body 1, (nimble swimmer 1), tentacles
a: End Transformation


You were on level 3 of the Dungeon.
One of your tentacles had grown a beastly spike.
You visited 1 branch of the dungeon, and saw 3 of its levels.

You collected 130 gold pieces.

Inventory:

Wands
 n - a wand of iceblast (8)
Scrolls
 a - a scroll of teleportation {unknown}
 c - 2 scrolls of identify {unknown}
 f - a scroll of immolation {unknown}
 h - a scroll of vulnerability {unknown}
 l - a scroll of blinking {unknown}
 m - a scroll of summoning {unknown}
Potions
 b - a potion of haste {unknown}
 d - a potion of heal wounds {unknown}
 e - 2 potions of curing {unknown}
 g - a potion of attraction {unknown}
 i - a potion of lignification {unknown}
 j - a potion of flight {unknown}
 k - a potion of invisibility {unknown}


   Skills:
 - Level 1.0 Fighting
 - Level 2.0 Dodging
 - Level 2.0 Stealth
 - Level 3.0 Unarmed Combat
 - Level 2.0 Spellcasting
 * Level 4.8 Transmutations


You had 2 spell levels left.
You knew the following spells:

 Your Spells              Type           Power      Damage    Failure   Level
a - Beastly Appendage     Tmut           36%        N/A       2%          1
b - Wereblood             Tmut           18%        N/A       4%          2
c - Spider Form           Tmut/Pois      9%         N/A       22%         3

Your spell library contained the following spells:

 Spells                   Type           Power      Damage    Failure   Level
 Ice Form                 Ice/Tmut       9%         N/A       56%         4


Dungeon Overview and Level Annotations

Branches:
Dungeon (3/15)

Altars:


Innate Abilities, Weirdness & Mutations

One of your tentacles has grown a beastly spike.
You cannot wear most types of armour.
You are amphibious.
You can wear up to eight rings at the same time.
Your skin changes colour to match your surroundings (Stealth+).
Your rubbery body absorbs attacks. (AC +1, EV +1)
((You are camouflaged near water. (Stealth+)))
You have tentacles for arms and can constrict up to eight enemies at once.


Message History

The adder is moderately wounded.
You howl as the wereblood boils in your veins!
You constrict the adder. The adder closely misses you.
You tentacle-slap the adder.
The adder is heavily wounded.
You constrict the adder. The adder misses you.
You tentacle-slap the adder.
You feel a bit better.
You kill the adder!
You howl as the wereblood boils in your veins!
You have reached level 5!
You feel stronger.
Press: ? - help, v - describe, . - travel
Here: an orc, wielding a +1 whip of venom The floor.
You hear some strange, mumbled words.
You are confused.
You howl as the wereblood boils in your veins!
You completely miss something.
Your tentacle spike misses something.
Something hits you.
You completely miss something. Something hits you.
You're too confused to move!
Something hits you. The orc completely misses you.
You bump into the rock wall.
Your transformation is almost over.
Something hits you. The orc closely misses you.
You tentacle-slap the orc.
Your tentacle spike misses the orc.
You squeeze the orc.
You feel a bit better.
You kill the orc!
You feel less confused. Something hits you. The orc closely misses you.
You barely miss something. Something barely misses you.
The orc closely misses you.
You closely miss something.
Your tentacle spike misses something.
You squeeze something! Something hits you. The orc completely misses you.
You miss something.
You hear some strange, mumbled words.
A magic dart appears from out of thin air!
The magic dart hits you!
* * * LOW HITPOINT WARNING * * *
The orc hits you with a +0 club.
You die...

#######†#..#####
#.##.# ##.##.#
######...#.#
#..>.....#.#####.#
#.####...#..)....#
#.#########.###
#.........){o.#
###........@#.#
#.#########.# #.#
. #.# .. #.# #.
#.# .# #.# #.#


You could see an orc.

Vanquished Creatures
  An orc wizard (D:3)
  5 adders
  A worm (D:2)
  2 orcs (D:3)
  2 ball pythons (D:2)
  A bat skeleton (D:2)
  An endoplasm (D:1)
  A giant cockroach (D:3)
  3 hobgoblins
  7 jackals
  2 ball python skeletons (D:2)
  3 bats
  7 frilled lizards
  7 goblins
  3 kobolds
  3 rats (D:2)
49 creatures vanquished.

Notes
Turn   | Place    | Note
-------+----------+-------------------------------------------
     0 | D:1      | browni3141 the Octopode Transmuter began the quest for the
                  | Orb.
     0 | D:1      | Reached XP level 1. HP: 13/13 MP: 3/3
   130 | D:1      | Reached skill level 1 in Stealth
   279 | D:1      | Reached XP level 2. HP: 18/18 MP: 5/5
   737 | D:2      | Found a faded altar of an unknown god.
  1060 | D:2      | Reached skill level 3 in Transmutations
  1063 | D:2      | Reached XP level 3. HP: 5/23 MP: 6/6
  1971 | D:2      | Reached skill level 4 in Transmutations
  1971 | D:2      | Reached XP level 4. HP: 6/28 MP: 7/7
  2547 | D:3      | Learned a level 2 spell: Wereblood
  2551 | D:3      | Learned a level 3 spell: Spider Form
  2692 | D:3      | Reached XP level 5. HP: 20/33 MP: 5/8
  2702 | D:3      | Slain by an orc

Illustrated notes

Levels and vault maps discovered:
D:1:      dpeg_arrival_ternary, layout_rooms, dk_noncrumbling_2,
          minmay_pentomino_w2
D:2:      minmay_skewed_foursquare, layout_loops_ring, serial_undead,
          serial_undead_a, serial_undead_f, serial_undead_f, serial_undead_e,
          shapermc_ecumenical_altar_starsandcircs
D:3:      gammafunk_steamed_eel, layout_loops_ring,
          amcnicky_altar_lugonu_corruption

Skill      XL: |  1  2  3 |
---------------+----------+-----
Stealth        | 1 2 |  2.0
Transmutations | 3 4 |  4.8
Fighting       | |  1.0
Dodging        | |  2.0
Unarmed Combat | |  3.0
Spellcasting   | |  2.0

Action                   |  1- 3 |  4- 6 || total
-------------------------+-------+-------++-------
Melee: Unarmed           |    88 |    36 ||   124
       Constrict         |    27 |    10 ||    37
       Tentacles         |    14 |     9 ||    23
       Punch             |     2 |       ||     2
       Kick              |     6 |     7 ||    13
 Cast: Beastly Appendage |     5 |     3 ||     8
       Wereblood         |       |     1 ||     1
 Stab: Sleeping          |     7 |     3 ||    10
Armor: Skin              |     9 |     2 ||    11
Dodge: Dodged            |    60 |    17 ||    77

Table legend: (Time is in decaauts)
 A = Elapsed time spent in this place.
 B = Non-inter-level travel time spent in this place.
 C = Inter-level travel time spent in this place.
 D = Time resting spent in this place.
 E = Time spent auto-exploring this place.
 F = Levels seen in this place.
 G = Mean time per level.
                   A        B        C        D        E       F      G
               +--------+--------+--------+--------+--------+-----+--------+
         Total |   2694 |   2661 |     33 |      0 |   2347 |   3 |  898.0 |
       Dungeon |   2694 |   2661 |     33 |      0 |   2347 |   3 |  898.0 |
               +--------+--------+--------+--------+--------+-----+--------+

Top non-repeatable levels by time:
     D:2: 1788 daAuts
     D:1: 735 daAuts
     D:3: 170 daAuts
